 Dungeon Crawl Stone Soup version 0.31-a0-819-gf6de2f5ab6 (webtiles) character file.

Game seed: 9677138416836507347

1106 Kurtz the Cleaver (level 8, -9/52 HPs)
             Began as an Octopode Fighter on Sept 25, 2023.
             Was an Initiate of Okawaru.
             Engulfed by a steam dragon's steam (12 damage)
             ... on level 6 of the Dungeon.
             The game lasted 00:05:19 (5370 turns).

Kurtz the Cleaver (Octopode Fighter)                Turns: 5370, Time: 00:05:20

Health: -9/52      AC:  1    Str: 15    XL:     8   Next: 33%
Magic:  8/8        EV: 28    Int: 11    God:    Okawaru [......]
Gold:   308        SH:  4    Dex: 13    Spells: 7/7 levels left

rFire   . . .        a - +0 war axe
rCold   . . .        b - +0 buckler
rNeg    . . .        (helmet restricted)
rPois   .            (no amulet)
rElec   .            t - ring of flight
rCorr   .            x - +5 ring of evasion
SInv    .            g - +5 ring of evasion
Will    .....        y - +5 ring of evasion
Stlth   ++           (no ring)
HPRegen 0.28/turn    (no ring)
MPRegen 0.11/turn    (no ring)
                     (no ring)

%: no passive effects
@: flying
A: almost no armour, amphibious, 8 rings, camouflage 1, gelatinous body 1,
(nimble swimmer 1), tentacles
a: Renounce Religion


You were on level 6 of the Dungeon.
You worshipped Okawaru.
Okawaru was noncommittal.
You visited 1 branch of the dungeon, and saw 6 of its levels.

You collected 308 gold pieces.

Inventory:

Hand Weapons
 a - a +0 war axe (weapon)
Missiles
 f - 10 poisoned darts (quivered)
 A - 3 curare-tipped darts
Armour
 b - a +0 buckler (worn)
Jewellery
 g - a +5 ring of evasion (on tentacle)
 h - a ring of fire
 q - a ring of ice
 t - a ring of flight (left tentacle)
 x - a +5 ring of evasion (right tentacle)
 y - a +5 ring of evasion (on tentacle)
Scrolls
 d - 2 scrolls of fear {unknown}
 e - a scroll of enchant weapon {unknown}
 i - a scroll of brand weapon {unknown}
 k - 2 scrolls of noise {unknown}
 m - a scroll of blinking {unknown}
 p - a scroll of poison {unknown}
 r - a scroll of torment {unknown}
 s - 4 scrolls of enchant armour {unknown}
 u - 4 scrolls of teleportation {unknown}
 w - a scroll of acquirement {unknown}
 B - a scroll of immolation {unknown}
Potions
 c - a potion of might
 j - 4 potions of mutation
 l - a potion of invisibility
 n - 3 potions of curing
 o - a potion of cancellation
 v - a potion of heal wounds
 z - 3 potions of attraction


   Skills:
 * Level 3.2 Fighting
 * Level 9.5 Axes
 + Level 3.1 Dodging
 * Level 3.1 Shields
 * Level 1.1 Invocations


You had 7 spell levels left.
You didn't know any spells.
Your spell library contained the following spells:

 Spells                   Type           Power      Damage    Failure   Level
 Gell's Gravitas          Tloc           0%         N/A       80%         3
 Teleport Other           Tloc           0%         N/A       80%         3
 Dispersal                Tloc           0%         N/A       100%        6


Dungeon Overview and Level Annotations

Branches:
Dungeon (6/15)             Temple (0/1) D:5

Altars:
Elyvilon
Gozag
Okawaru
Yredelemnul

Annotations:
D:4 2 transporters, hikkokomori's ghost, novice GrEE


Innate Abilities, Weirdness & Mutations

You cannot wear most types of armour.
You are amphibious.
You can wear up to eight rings at the same time.
Your skin changes colour to match your surroundings (Stealth+).
Your rubbery body absorbs attacks. (AC +1, EV +1)
((You are camouflaged when in or above water. (Stealth+)))
You have tentacles for arms and can constrict up to eight enemies at once.


Message History

You reach down and open the door.
A steam dragon comes into view.
Found a book of Touch.
There is an open door here.
The steam dragon hisses angrily.
The steam dragon breathes steam at you. The ball of steam misses you.
You hear an angry hiss.
You barely miss the steam dragon.
You are engulfed in a cloud of scalding steam.
The steam dragon completely misses you. You block the steam dragon's attack.
Unknown command.
You closely miss the steam dragon. You squeeze the steam dragon!
The steam dragon is moderately wounded.
You are engulfed in a cloud of scalding steam.
The steam dragon misses you. The steam dragon closely misses you.
Unknown command.
You hit the steam dragon.
The steam dragon is heavily wounded.
You are engulfed in a cloud of scalding steam.
The steam dragon completely misses you. The steam dragon misses you.
You slash the steam dragon! You squeeze the steam dragon.
The steam dragon is almost dead.
The steam dragon completely misses you. You block the steam dragon's attack.
You hit the steam dragon but do no damage.
Your squeeze misses the steam dragon.
The steam dragon is almost dead.
The steam dragon closely misses you. You block the steam dragon's attack.
A steam dragon comes into view.
You barely miss the steam dragon.
The steam dragon is almost dead.
The steam dragon breathes steam at you. The ball of steam hits you!!
* * * LOW HITPOINT WARNING * * *
A phantom comes into view.
The steam dragon closely misses you. The steam dragon barely misses you.
You closely miss the steam dragon.
The steam dragon is almost dead.
You are engulfed in a cloud of scalding steam.
You die...

#......... #.........
#......... . #...<.....
.. ....#.........
...########..##..####..#
...W......#..########..#
......D...#.........))..
.......@§.#.............
........§.#.............
........§§#..(..........
.....:....'.............
..........###....####..#
###+###.... #.)..####..#
#.....#...........
#.....#........†..
#.....#...........


You could see a steam dragon (catching breath) and a phantom.

Vanquished Creatures
  Menkaure (D:5)
  An ice beast (D:3)
  2 ogres (D:5)
  A phantom (D:5)
  4 scorpions
  2 hounds (D:5)
  A jelly (D:4)
  A sleepcap (D:5)
  An iguana (D:5)
  2 orc wizards (D:4)
  10 adders
  3 gnolls (D:5)
  A shadow imp (D:5)
  A worm (D:2)
  4 dart slugs
  12 orcs
  4 bats
  7 endoplasms
  4 giant cockroaches
  A goblin (D:2)
  4 hobgoblins
  6 jackals
  4 kobolds
  A quokka (D:3)
  7 ball pythons
  5 frilled lizards
  4 rats
94 creatures vanquished.

Notes
Turn   | Place    | Note
-------+----------+-------------------------------------------
     0 | D:1      | Kurtz the Octopode Fighter began the quest for the Orb.
     0 | D:1      | Reached XP level 1. HP: 16/16 MP: 1/1
   311 | D:1      | Reached XP level 2. HP: 21/21 MP: 2/2
   506 | D:1      | Reached skill level 3 in Axes
   752 | D:2      | Reached XP level 3. HP: 26/26 MP: 3/3
   913 | D:2      | Reached skill level 4 in Axes
   954 | D:2      | Reached XP level 4. HP: 31/31 MP: 4/4
  1819 | D:3      | Noticed an ice beast
  1829 | D:3      | Killed an ice beast
  1830 | D:3      | Reached skill level 5 in Axes
  1830 | D:3      | Reached XP level 5. HP: 2/36 MP: 5/5
  2096 | D:3      | Reached skill level 6 in Axes
  2096 | D:3      | Reached XP level 6. HP: 35/42 MP: 6/6
  2941 | D:4      | Found a white marble altar of Elyvilon.
  2981 | D:4      | Found a transporter.
  2985 | D:4      | Found a transporter.
  2985 | D:4      | Noticed hikkokomori's ghost (novice GrEE)
  3621 | D:4      | Found an opulent altar of Gozag.
  3802 | D:5      | Entered Level 5 of the Dungeon
  3809 | D:5      | Reached skill level 7 in Axes
  3857 | D:5      | Reached XP level 7. HP: 33/46 MP: 7/7
  4223 | D:5      | Found an iron altar of Okawaru.
  4225 | D:5      | Noticed Menkaure
  4270 | D:5      | Reached skill level 8 in Axes
  4288 | D:5      | Killed Menkaure
  4295 | D:5      | Became a worshipper of Warmaster Okawaru
  4606 | D:5      | Reached skill level 9 in Axes
  4606 | D:5      | Reached XP level 8. HP: 18/52 MP: 8/8
  4763 | D:5      | Found a basalt altar of Yredelemnul.
  5110 | D:5      | Found a staircase to the Ecumenical Temple.
  5260 | D:6      | Reached skill level 1 in Invocations
  5370 | D:6      | Engulfed by a steam dragon's steam

Illustrated notes

Levels and vault maps discovered:
D:1:      dpeg_arrival_shelter, layout_basic, minivault_27
D:2:      layout_basic
D:3:      layout_basic, chequers_hall_statues_wall_a, bh_walls_and_bars
D:4:      layout_layer_cave, mainiacjoe_overflow_big_doors,
          gammafunk_ghost_arena
D:5:      layout_loops_ring, mainiacjoe_overflow_paths, amcnicky_altar_gilded,
          minmay_temple_entry_nine_rooms, uniq_menkaure
D:6:      layout_gridville, serial_bayou_pond_b

Skill      XL: |  1  2  3  4  5  6  7  8 |
---------------+-------------------------+-----
Axes           | 3 4 5 6 7 9 |  9.5
Invocations    | 1 |  1.1
Fighting       | |  3.2
Dodging        | |  3.1
Shields        | |  3.1

Action                     |  1- 3 |  4- 6 |  7- 9 || total
---------------------------+-------+-------+-------++-------
  Melee: War axe           |    43 |   113 |    58 ||   214
         Constrict         |     9 |    21 |    15 ||    45
         Tentacles         |     7 |    16 |    17 ||    40
         Punch             |     1 |     1 |     2 ||     4
  Throw: Dart              |       |       |     3 ||     3
  Evoke: Wand              |       |       |     8 ||     8
    Use: Potion            |       |     1 |       ||     1
         Scroll            |       |       |     6 ||     6
   Stab: Sleeping          |     3 |    10 |     4 ||    17
 Armour: Skin              |    16 |    50 |    12 ||    78
  Dodge: Dodged            |    21 |    67 |    50 ||   138
  Block: Buckler           |     8 |    21 |     8 ||    37

Table legend: (Time is in decaauts)
 A = Elapsed time spent in this place.
 B = Non-inter-level travel time spent in this place.
 C = Inter-level travel time spent in this place.
 D = Time resting spent in this place.
 E = Time spent auto-exploring this place.
 F = Levels seen in this place.
 G = Mean time per level.
                   A        B        C        D        E       F      G
               +--------+--------+--------+--------+--------+-----+--------+
         Total |   5415 |   5207 |    208 |    874 |   3547 |   6 |  902.5 |
       Dungeon |   5415 |   5207 |    208 |    874 |   3547 |   6 |  902.5 |
               +--------+--------+--------+--------+--------+-----+--------+

Top non-repeatable levels by time:
     D:5: 1417 daAuts
     D:3: 1259 daAuts
     D:4: 1123 daAuts
     D:2: 759 daAuts
     D:1: 698 daAuts
     D:6: 158 daAuts
